 Dungeon Crawl Stone Soup version 0.29.1-4-g47bece8355 (webtiles) character file.

Game seed: 14494740378238740388

599 trench the Shield-Bearer (level 7, -14/60 HPs)
             Began as a Gnoll Fighter on Dec 2, 2022.
             Demolished by an ogre
             ... wielding a +0 giant club
              (20 damage)
             ... on level 5 of the Dungeon.
             The game lasted 00:15:44 (3894 turns).

trench the Shield-Bearer (Gnoll Fighter)            Turns: 3894, Time: 00:15:45

Health: -14/60     AC:  9    Str: 20    XL:     7   Next: 41%
Magic:  10/10      EV: 10    Int: 11    God:
Gold:   228        SH:  5    Dex: 11    Spells: 11/11 levels left

rFire   . . .      SeeInvis +   y - +0 war axe (flame)
rCold   x . .      Faith    .   c - +0 buckler
rNeg    . . .      Spirit   .   p - +2 scale mail {rPois}
rPois   +          Reflect  .   s - +0 mask of the Dragon {Will+ Slay+3 SInv}
rElec   .          Harm     .   (no cloak)
rCorr   +          Rampage  .   (no gloves)
Will    +....                   (no boots)
Stlth   +.........              (no amulet)
HPRegen 0.20/turn               i - ring of resist corrosion
MPRegen 0.12/turn               z - ring "Ikacvei" {Fly rC- rCorr Str+3 Int+3}

@: flying
A: fangs 1, strong nose, distributed training
a: no special abilities


You were on level 5 of the Dungeon.
You visited 2 branches of the dungeon, and saw 7 of its levels.

You collected 228 gold pieces.

Inventory:

Hand Weapons
 a - a +0 war axe
 y - a +0 war axe of flaming (weapon)
Missiles
 b - 14 poisoned darts (quivered)
 h - 38 stones
Armour
 c - a +0 buckler (worn)
 p - a +2 scale mail of poison resistance (worn)
 s - the +0 mask of the Dragon (worn) {Will+ Slay+3 SInv}
   (You found it on level 3 of the Dungeon)

   Slay:      It affects your accuracy & damage with ranged weapons and melee
   (+3).
   SInv:      It lets you see invisible.
   Will:      It increases your willpower.
Jewellery
 i - a ring of resist corrosion (left hand)
 j - a ring of magical power
 z - the ring "Ikacvei" (right hand) {Fly rC- rCorr Str+3 Int+3}
   (You found it on level 4 of the Dungeon)

   [ring of resist corrosion]

   Str:       It affects your strength (+3).
   Int:       It affects your intelligence (+3).
   rC:        It makes you vulnerable to cold.
   Fly:       It grants you flight.
   rCorr:     It protects you from acid and corrosion.
Wands
 q - a wand of flame (9)
 u - a wand of iceblast (12)
Scrolls
 e - a scroll of enchant weapon {unknown}
 f - a scroll of torment {unknown}
 g - a scroll of fear {unknown}
 l - 2 scrolls of identify {unknown}
 m - a scroll of teleportation {unknown}
 n - a scroll of poison {unknown}
 v - a scroll of amnesia {unknown}
 w - a scroll of vulnerability {unknown}
Potions
 d - 2 potions of might
 k - 3 potions of haste {unknown}
 o - a potion of mutation {unknown}
 r - 2 potions of curing {unknown}
 t - a potion of attraction {unknown}
 x - a potion of ambrosia {unknown}


   Skills:
 + Level 7.1 Fighting
 + Level 2.5 Short Blades
 + Level 2.5 Long Blades
 + Level 5.3 Axes
 + Level 2.5 Maces & Flails
 + Level 2.5 Polearms
 + Level 2.5 Staves
 + Level 2.5 Ranged Weapons
 + Level 2.5 Throwing
 + Level 7.1 Armour
 + Level 2.5 Dodging
 + Level 2.5 Stealth
 + Level 7.1 Shields
 + Level 2.5 Unarmed Combat
 + Level 2.5 Spellcasting
 + Level 2.1 Conjurations
 + Level 2.1 Hexes
 + Level 2.1 Summonings
 + Level 2.1 Necromancy
 + Level 2.1 Translocations
 + Level 2.1 Transmutations
 + Level 2.1 Fire Magic
 + Level 2.1 Ice Magic
 + Level 2.1 Air Magic
 + Level 2.1 Earth Magic
 + Level 2.1 Poison Magic
 + Level 2.8 Invocations
 + Level 2.5 Evocations


You had 11 spell levels left.
You didn't know any spells.
Your spell library contained the following spells:

 Spells                   Type           Power      Damage    Failure   Level
 Magic Dart               Conj           24%        1d4       36%         1
 Poisonous Vapours        Pois/Air       12%        N/A       50%         2
 Searing Ray              Conj           12%        2d4       50%         2
 Ignite Poison            Fire/Tmut/Pois 6%         N/A       73%         3
 Mephitic Cloud           Conj/Pois/Air  6%         N/A       73%         3
 Corpse Rot               Necr/Pois/Air  6%         N/A       98%         4
 Fulminant Prism          Conj/Hex       3%         3d6       98%         4
 Freezing Cloud           Conj/Ice/Air   3%         6-21      100%        5


Dungeon Overview and Level Annotations

Branches:
Dungeon (6/15)             Temple (1/1) D:5

Altars:
Ashenzari
Cheibriados
Dithmenos
Elyvilon
Fedhas
Gozag
Hepliaklqana
Kikubaaqudgha
Nemelex Xobeh
Qazlal
Ru
Sif Muna
Trog
Wu Jian
Zin
The Shining One

Annotations:
Temple 4 transporters


Innate Abilities, Weirdness & Mutations

You have very sharp teeth.
Your uncanny sense of smell can sniff out nearby items.
Your experience applies equally to all skills.


Message History

You hit the jelly. You burn the jelly.
Your hands burn!
You bite the jelly.
The jelly is heavily wounded.
You slash the quokka! You burn the quokka.
You kill the quokka!
The jelly barely misses you.
Aiming: Iceblast
Press: ? - help, Q - select action, (/) - cycle Shift-Dir - straight line, f - jelly
Aim: a jelly (heavily wounded) That beam is likely to hit you.
Continue anyway?
Okay, then.
You hit the jelly. You burn the jelly.
Your hands burn!
You bite the jelly.
The jelly is severely wounded.
You barely miss the scorpion. The jelly misses you.
The scorpion closely misses you. You block the jelly's attack.
You slash the jelly! You burn the jelly.
You kill the jelly!
You closely miss the scorpion. The scorpion barely misses you.
The scorpion stings you. The scorpion attacks as you move away!
The scorpion closely misses you. The scorpion attacks as you move away!
The scorpion completely misses you.
Found a flail.
The scorpion stings you but does no damage.
There is a stone staircase leading down here.
There are monsters nearby!
The scorpion stings you but does no damage.
You fly downwards.
The orc shouts!
The orc wizard shouts!
The orc shouts! x2
Found 11 gold pieces.
There is a stone staircase leading up here.
The scorpion closely misses you.
You fly upwards.
The ogre barely misses you.
There is a stone staircase leading down here.
The scorpion stings you but does no damage.
The ogre attacks as you move away! The ogre hits you with a +0 giant club!
You see here a +0 flail.
The ogre attacks as you move away! The ogre hits you with a +0 giant club!
* * * LOW HITPOINT WARNING * * *
The ogre attacks as you move away!
The ogre hits you with a +0 giant club!!
You die...

#.##.##. ##.#.....
####.....# #........#
##.##...#.# ∆
######..>##.##.####.##
............s.).......
#####...#####O#######
##.## #@# ########.#
#.# #........# #.#
#.######## ... #..#
#.. ##s# #### #.# #O#
#.#


You could see an ogre.

Vanquished Creatures
  A black bear (D:3)
  An ice beast (D:5)
  An ogre (D:5)
  A bullfrog (D:5)
  2 jellies
  2 orc wizards (D:4)
  6 adders
  A white imp (D:4)
  3 worms
  2 dart slugs (D:1)
  7 orcs
  10 bats
  3 endoplasms
  3 giant cockroaches
  8 goblins
  5 hobgoblins
  3 jackals (D:1)
  4 quokkas
  7 ball pythons
  5 frilled lizards
  9 kobolds
  5 rats
89 creatures vanquished.

Notes
Turn   | Place    | Note
-------+----------+-------------------------------------------
     0 | D:1      | trench the Gnoll Fighter began the quest for the Orb.
     0 | D:1      | Reached XP level 1. HP: 23/23 MP: 1/1
   112 | D:1      | Reached XP level 2. HP: 20/29 MP: 2/2
   362 | D:1      | Found a faded altar of an unknown god.
   773 | D:1      | Reached XP level 3. HP: 30/35 MP: 3/3
  1251 | D:2      | Reached skill level 1 in Invocations
  1409 | D:2      | Reached skill level 1 in Short Blades
  1409 | D:2      | Reached skill level 1 in Long Blades
  1409 | D:2      | Reached skill level 1 in Maces & Flails
  1409 | D:2      | Reached skill level 1 in Polearms
  1409 | D:2      | Reached skill level 1 in Staves
  1409 | D:2      | Reached skill level 1 in Ranged Weapons
  1409 | D:2      | Reached skill level 1 in Throwing
  1409 | D:2      | Reached skill level 1 in Dodging
  1409 | D:2      | Reached skill level 1 in Stealth
  1409 | D:2      | Reached skill level 1 in Unarmed Combat
  1409 | D:2      | Reached skill level 1 in Spellcasting
  1409 | D:2      | Reached skill level 1 in Evocations
  1577 | D:2      | Reached XP level 4. HP: 41/41 MP: 5/5
  1886 | D:3      | Reached skill level 1 in Conjurations
  1886 | D:3      | Reached skill level 1 in Hexes
  1886 | D:3      | Reached skill level 1 in Summonings
  1886 | D:3      | Reached skill level 1 in Necromancy
  1886 | D:3      | Reached skill level 1 in Translocations
  1886 | D:3      | Reached skill level 1 in Transmutations
  1886 | D:3      | Reached skill level 1 in Fire Magic
  1886 | D:3      | Reached skill level 1 in Ice Magic
  1886 | D:3      | Reached skill level 1 in Air Magic
  1886 | D:3      | Reached skill level 1 in Earth Magic
  1886 | D:3      | Reached skill level 1 in Poison Magic
  1955 | D:3      | Noticed a black bear
  1983 | D:3      | Killed a black bear
  1984 | D:3      | Reached XP level 5. HP: 28/47 MP: 7/7
  2513 | D:3      | Found the +0 mask of the Dragon {Will+ Slay+3 SInv}
  3126 | D:4      | Found a white marble altar of Elyvilon.
  3126 | D:4      | Found a bloodstained altar of Trog.
  3264 | D:4      | Reached XP level 6. HP: 53/53 MP: 8/8
  3268 | D:4      | Reached skill level 5 in Axes
  3485 | D:4      | Identified the ring "Ikacvei" {Fly rC- rCorr Str+3 Int+3}
  3687 | D:5      | Entered Level 5 of the Dungeon
  3719 | D:5      | Noticed an ice beast
  3725 | D:5      | Killed an ice beast
  3726 | D:5      | Reached XP level 7. HP: 60/60 MP: 10/10
  3733 | D:5      | Found a staircase to the Ecumenical Temple.
  3748 | Temple   | Entered the Ecumenical Temple
  3748 | Temple   | Found a transporter.
  3748 | Temple   | Found a transporter.
  3776 | Temple   | Found a transporter.
  3776 | Temple   | Found a transporter.
  3894 | D:5      | Demolished by an ogre

Illustrated notes

Levels and vault maps discovered:
D:1:      amcnicky_arrival_double_pillar, layout_loops_corners,
          ebering_ecumenical_altar_ruins
D:2:      layout_basic
D:3:      layout_loops_corners
D:4:      layout_loops_corners, nicolae_overflow_hidden_temple
D:5:      layout_loops_ring, minmay_temple_entry_mini_moons,
          kennysheep_another_room
D:6:      layout_cave_pools, grunt_ministairs_8, minmay_ruined_shrine
Temple:   hellmonk_temple_divided_pantheon

Skill      XL: |  1  2  3  4  5  6 |
---------------+-------------------+-----
Invocations    | 1 2 |  2.8
Short Blades   | 1 2 |  2.5
Long Blades    | 1 2 |  2.5
Maces & Flails | 1 2 |  2.5
Polearms       | 1 2 |  2.5
Staves         | 1 2 |  2.5
Ranged Weapons | 1 2 |  2.5
Throwing       | 1 2 |  2.5
Dodging        | 1 2 |  2.5
Stealth        | 1 2 |  2.5
Unarmed Combat | 1 2 |  2.5
Spellcasting   | 1 2 |  2.5
Evocations     | 1 2 |  2.5
Conjurations   | 1 2 |  2.1
Hexes          | 1 2 |  2.1
Summonings     | 1 2 |  2.1
Necromancy     | 1 2 |  2.1
Translocations | 1 2 |  2.1
Transmutations | 1 2 |  2.1
Fire Magic     | 1 2 |  2.1
Ice Magic      | 1 2 |  2.1
Air Magic      | 1 2 |  2.1
Earth Magic    | 1 2 |  2.1
Poison Magic   | 1 2 |  2.1
Axes           | 5 |  5.3
Fighting       | 7 |  7.1
Armour         | 7 |  7.1
Shields        | 7 |  7.1

Action                   |  1- 3 |  4- 6 |  7- 9 || total
-------------------------+-------+-------+-------++-------
Melee: War axe           |   101 |   123 |    16 ||   240
       Bite              |     8 |    11 |     3 ||    22
Throw: Dart              |       |    13 |       ||    13
       Stone             |       |     1 |       ||     1
Evoke: Wand              |       |     5 |       ||     5
  Use: Potion            |       |     1 |       ||     1
Armor: Scale mail        |    58 |    65 |    17 ||   140
Dodge: Dodged            |    48 |    46 |    14 ||   108
Block: Buckler           |    30 |    26 |     9 ||    65
